 Dungeon Crawl Stone Soup version 0.21-a0-329-g12f17e1 (webtiles) character file.

139 vishdafish the Poker (level 5, 20/38 HPs)
             Began as a Demonspawn Skald on Oct 1, 2017.
             Quit the game on level 4 of the Dungeon.
             The game lasted 00:04:44 (2742 turns).

vishdafish the Poker (Demonspawn Skald)             Turns: 2742, Time: 00:04:45

Health: 20/38      AC:  3    Str: 12    XL:     5   Next: 1%
Magic:  7/9        EV: 12    Int: 15    God:
Gold:   130        SH:  0    Dex: 12    Spells: 9/10 levels left

rFire    + . .     SeeInvis .   w - +0 trident
rCold    . . .     Gourm    .   (no shield)
rNeg     . . .     Faith    .   b - +0 leather armour
rPois    .         Spirit   .   (helmet restricted)
rElec    .         Reflect  .   (no cloak)
rCorr    .         Harm     .   (no gloves)
MR       +....                  (no boots)
Stlth    ++........             (no amulet)
HPRegen  0.12/turn              u - ring of protection from magic
MPRegen  0.11/turn              v - ring of protection from fire

@: infused
A: antennae 1, demonic guardian 1, nightstalker 1
a: no special abilities


You were on level 4 of the Dungeon.
You were very hungry.

You visited 1 branch of the dungeon, and saw 4 of its levels.

You collected 130 gold pieces.

Inventory:

Hand Weapons
 a - a +0 spear
 w - a +0 trident (weapon)
Missiles
 l - 6 steel javelins (quivered)
Armour
 b - a +0 leather armour (worn)
Jewellery
 u - a ring of protection from magic (left hand)
 v - a ring of protection from fire (right hand)
Scrolls
 e - 2 scrolls of identify {unknown}
 g - 4 scrolls of remove curse {unknown}
 h - a scroll of enchant weapon {unknown}
 n - a scroll of magic mapping {unknown}
 q - a scroll of random uselessness {unknown}
 r - a scroll of blinking {unknown}
 t - a scroll of amnesia {unknown}
Potions
 f - a potion of ambrosia {unknown}
 j - 2 potions of curing {unknown}
 k - a potion of haste {unknown}
 m - a potion of cancellation {unknown}
 o - 2 potions of lignification {unknown}
 p - a potion of magic {unknown}
 s - a potion of flight {unknown}
Books
 c - a book of Battle

   Spells                             Type                      Level
   a - Infusion                       Charms                       1
   b - Shroud of Golubria             Charms/Translocation         2
   c - Song of Slaying                Charms                       2
   d - Spectral Weapon                Hexes/Charms                 3
   e - Regeneration                   Charms/Necromancy            3
Comestibles
 d - 4 bread rations
 i - 2 royal jellies


   Skills:
 - Level 2.0 Fighting
 + Level 3.1 Polearms
 - Level 2.0 Armour
 - Level 2.0 Dodging
 * Level 3.1 Spellcasting
 - Level 3.0 Charms


You had 9 spell levels left.
You knew the following spells:

 Your Spells              Type           Power        Failure   Level  Hunger
a - Infusion              Chrm           ##..         8%          1    #......


Dungeon Overview and Level Annotations

Branches:
Dungeon (4/15)
 Temple: D:4-7

Altars:

Shops:
D:4 }


Innate Abilities, Weirdness & Mutations

You have a pair of small antennae on your head.
A weak demonic guardian rushes to your aid.
You are slightly more attuned to the shadows.


Message History

The hound bites you. x2; Your ufetubus closely misses the hound. x2
Casting: Infusion
Confirm with . or Enter, or press ? or * to list all spells.
You begin infusing your attacks with magical energy.
The hound bites you.
Your ufetubus hits the hound.
Your ufetubus closely misses the hound.
The hound bites you.
Your ufetubus closely misses the hound.
Your ufetubus hits the hound.
You are too injured to fight recklessly!
You hit the hound!
You kill the hound!
Your Spellcasting skill increases to level 3!
You have reached level 5!
Your demonic ancestry asserts itself...
You slip into the darkness of the dungeon.
You see here a leopard gecko corpse.
You see here a leopard gecko corpse.
You see here a leopard gecko corpse.
Your ufetubus disappears in a puff of smoke!
There is an entrance to Hakkufeph's Gadget Boutique here.
Are you sure you want to abandon this character and quit the game? (Confirm with "yes".)

.... ...# ... #
####.. .#
..#.##.## #
#.#.#...#
#.##.##†#@.#
#.........#...#
.(.....<### .##
..#.$.#.# #
#..###..# #.
.#.# . ##..#
#.# ##.


There were no monsters in sight!

Vanquished Creatures
  A hound (D:4)
  3 adders
  An ooze (D:3)
  2 worms
  A dart slug (D:3)
  5 leopard geckos
  5 orcs (D:3)
  11 bats
  2 giant cockroaches (D:2)
  10 goblins
  3 hobgoblins
  3 jackals (D:2)
  2 kobolds
  A quokka (D:3)
  3 ball pythons (D:3)
  A frilled lizard (D:1)
  8 rats
62 creatures vanquished.

Notes
Turn   | Place    | Note
-------+----------+-------------------------------------------
     0 | D:1      | vishdafish the Demonspawn Skald began the quest for the Orb.
     0 | D:1      | Reached XP level 1. HP: 16/16 MP: 3/3
    80 | D:1      | Reached skill level 1 in Armour
   157 | D:1      | Gained mutation: You have a pair of small antennae on your head. [demonic ancestry]
   157 | D:1      | Reached XP level 2. HP: 22/22 MP: 0/5
   669 | D:1      | Reached XP level 3. HP: 23/27 MP: 1/6
  1425 | D:3      | Gained mutation: A weak demonic guardian rushes to your aid. [demonic ancestry]
  1425 | D:3      | Reached XP level 4. HP: 5/33 MP: 0/7
  2725 | D:4      | Found Hakkufeph's Gadget Boutique.
  2732 | D:4      | Gained mutation: You are slightly more attuned to the shadows. [demonic ancestry]
  2732 | D:4      | Reached XP level 5. HP: 19/38 MP: 6/9
  2742 | D:4      | Quit the game

Vault maps used:
D:1:      wheals_arrival_linesprint
D:2:      solitary_fountain, minmay_pentomino_v2
D:3:      cheibrodos_helix_gallery
D:4:      gammafunk_temple_overflow_forgotten,
          gammafunk_temple_overflow_elements, minmay_temple_entry_glassed_door,
          first_bread, serial_shops, shop, kennysheep_mini, trog_book,
          uniq_natasha, uniq_grinder

Skill      XL: |  1  2  3  4 |
---------------+-------------+-----
Armour         | 1 2 |  2.0
Polearms       | 2 3 |  3.1
Dodging        | 2 |  2.0
Charms         | 3 |  3.0
Spellcasting   | 3 |  3.1
Fighting       | |  2.0

Action                   |  1- 3 |  4- 6 || total
-------------------------+-------+-------++-------
Melee: Spear             |   156 |    64 ||   220
       Trident           |       |     5 ||     5
 Cast: Infusion          |    10 |     6 ||    16
 Stab: Sleeping          |     1 |       ||     1
  Eat: Chunk             |     1 |     4 ||     5
Armor: Leather armour    |    31 |     9 ||    40
Dodge: Dodged            |    74 |    37 ||   111

Table legend:
 A = Spawn XP
 B = Non-spawn XP
 C = Spawn XP percentage of total XP
 D = Spawn monster count
 E = Non-spawn monster count
 F = Spawn count percentage of total count
 G = Total turns spent on level
                    A         B        C        D         E        F      G
               +---------+---------+-------+---------+---------+-------+---------
         Total |       0 |     199 |   0.0 |       0 |      62 |   0.0 |  2742
               +---------+---------+-------+---------+---------+-------+---------
           D:1 |       0 |      48 |   0.0 |       0 |      19 |   0.0 |   919
           D:2 |       0 |      30 |   0.0 |       0 |      15 |   0.0 |   435
           D:3 |       0 |      81 |   0.0 |       0 |      26 |   0.0 |  1371
           D:4 |       0 |      40 |   0.0 |       0 |       2 |   0.0 |    17
               +---------+---------+-------+---------+---------+-------+---------
